 Dungeon Crawl Stone Soup version 0.22-a0-858-g985ef60 (webtiles) character file.

4 mhoghedin the Magician (level 1, -1/11 HPs)
             Began as a Kobold Wizard on July 27, 2018.
             Slain by a kobold
             ... wielding a +0 club
              (5 damage)
             ... on level 1 of the Dungeon.
             The game lasted 00:00:42 (336 turns).

mhoghedin the Magician (Kobold Wizard)               Turns: 336, Time: 00:00:42

Health: -1/11      AC:  6    Str:  4    XL:     1   Next: 66%
Magic:  4/4        EV:  7    Int: 19    God:
Gold:   9          SH:  0    Dex: 13    Spells: 5/6 levels left

rFire    . . .     SeeInvis .   c - +0 dagger
rCold    . . .     Gourm    .   (shield restricted)
rNeg     . . .     Faith    .   e - +0 scale mail (curse)
rPois    .         Spirit   .   b - +0 hat
rElec    .         Reflect  .   (no cloak)
rCorr    .         Harm     .   (no gloves)
MR       .....                  (no boots)
Stlth    +.........             (no amulet)
HPRegen  0.03/turn              (no ring)
MPRegen  0.09/turn              (no ring)

@: no status effects
A: small, carnivore
a: no special abilities


You were on level 1 of the Dungeon.
You were not hungry.

You visited 1 branch of the dungeon, and saw 1 of its levels.

You collected 9 gold pieces.

Inventory:

Hand Weapons
 c - a +0 dagger (weapon)
   (You took it off a goblin on level 1 of the Dungeon)
Armour
 a - a +0 robe
 b - a +0 hat (worn)
 e - a cursed +0 scale mail (worn)
   (You found it on level 1 of the Dungeon)
Comestibles
 d - 2 rations


   Skills:
 + Level 0.5 Fighting
 + Level 2.6 Dodging
 + Level 2.9 Stealth
 - Level 3.2 Spellcasting
 - Level 1.0 Conjurations
   Level 1.0 Summonings
   Level 1.0 Translocations


You had 5 spell levels left.
You knew the following spells:

 Your Spells              Type           Power        Failure   Level  Hunger
a - Magic Dart            Conj           #...         99%         1    None

Your spell library contained the following spells:

 Spells                   Type           Power        Failure   Level  Hunger
 Conjure Flame            Conj/Fire      #.......     100%        3    ###....
 Slow                     Hex            #.......     100%        2    ##.....
 Mephitic Cloud           Conj/Pois/Air  #.......     100%        3    ###....
 Blink                    Tloc           N/A          99%         2    ##.....
 Call Imp                 Summ           #.......     99%         2    ##.....


Dungeon Overview and Level Annotations

Branches:
Dungeon (1/15)

Altars:


Innate Abilities, Weirdness & Mutations

You are small and have problems with some larger weapons.
You are carnivorous and can eat meat at any time.


Message History

You closely miss the giant cockroach. The giant cockroach closely misses you.
Aim: a giant cockroach (clinging)
The magic dart hits the giant cockroach.
The giant cockroach bites you.
You take 1 damage, and have 5/10 hp.
You now have 1/4 mp.
Aim: a giant cockroach (moderately wounded, clinging)
You miscast Magic Dart.
You are very lightly contaminated with residual magic.
Nothing appears to happen.
The giant cockroach barely misses you. The giant cockroach closely misses you.
You now have 0/4 mp.
You barely miss the giant cockroach.
The giant cockroach completely misses you.
You hit the giant cockroach but do no damage.
The giant cockroach misses you.
You barely miss the giant cockroach. The giant cockroach closely misses you.
You hit the giant cockroach. The giant cockroach bites you.
You take 1 damage, and have 4/10 hp.
You hit the giant cockroach but do no damage.
The giant cockroach closely misses you. The giant cockroach barely misses you.
You hit the giant cockroach but do no damage.
The giant cockroach closely misses you.
You barely miss the giant cockroach. The giant cockroach closely misses you.
You closely miss the giant cockroach.
The giant cockroach bites you but does no damage.
You hit the giant cockroach but do no damage.
The giant cockroach barely misses you.
You closely miss the giant cockroach. The giant cockroach misses you.
The giant cockroach bites you.
* * * LOW HITPOINT WARNING * * *
You take 1 damage, and have 3/10 hp.
You hit the giant cockroach but do no damage.
The giant cockroach barely misses you.
You hit the giant cockroach. The giant cockroach closely misses you.
Aim: a giant cockroach (severely wounded, clinging)
The magic dart hits the giant cockroach.
The giant cockroach misses you.
You now have 0/4 mp.
You hit the giant cockroach but do no damage.
The giant cockroach closely misses you.
You hit the giant cockroach.
You kill the giant cockroach!
You see here a giant cockroach corpse.
You butcher the giant cockroach corpse.
f - a chunk of flesh {@w0} You start removing your armour.
You continue taking off your +0 robe.
Your magical contamination has completely faded away.
You continue taking off your +0 robe. x3
You finish taking off your +0 robe.
You start putting on your armour.
You continue putting on your glowing scale mail. x5
You finish putting on your cursed +0 scale mail.
Oops, that feels deathly cold.
You start resting.
Eating a chunk of flesh {@w0}.
You eat the chunk of flesh {@w0}.
This raw flesh tastes great.
Health restored: 11; MP restored: 4 You now have 9 gold pieces.
d - 2 rations (gained 1)
You open the door.
There is an open door here.
A kobold comes into view. It is wielding a club.
The kobold shouts!
The kobold throws a stone.
The stone closely misses you.
A kobold is nearby!
Unknown command.
Unknown command.
A kobold comes into view. It is wielding a short sword.
The kobold shouts!
The kobold throws a stone.
The stone hits you but does no damage.
You see here a stone.
The kobold throws a stone.
The stone hits you but does no damage.
You see here a stone.
The kobold hits you but does no damage.
You barely miss the kobold. The kobold hits you with a club.
You take 4 damage, and have 7/11 hp.
MASSIVE DAMAGE!!
Unknown command.
You barely miss the kobold. You closely miss the kobold.
The kobold closely misses you. x2
The kobold hits you but does no damage.
A bat comes into view.
The kobold throws a stone.
The stone hits you but does no damage.
The bat moves out of view.
You hit the kobold. The kobold hits you with a short sword.
You take 2 damage, and have 5/11 hp.
You hit the kobold but do no damage. The kobold hits you but does no damage.
You closely miss the kobold. The kobold hits you but does no damage.
You barely miss the kobold. The bat hits you. The bat barely misses you.
The bat hits you but does no damage. The kobold hits you but does no damage.
You take 1 damage, and have 4/11 hp.
You hit the kobold.
You kill the kobold!
The bat closely misses you. The bat barely misses you.
You hit the kobold but do no damage. The bat hits you but does no damage.
The kobold hits you but does no damage.
You closely miss the kobold. The bat barely misses you.
The kobold hits you but does no damage.
You completely miss the kobold. The bat hits you but does no damage.
The kobold hits you with a club.
You die...

.$.## .... ...# ...
..# #####+#.#######
.......b.......
#.#@#
#########.#K######
.?.................
........((#########
.................
....(....########
.........'.....#
.)......(##....#####
.........##.........


You could see a bat and a kobold.

Vanquished Creatures
  A giant cockroach (D:1)
  A goblin (D:1)
  A frilled lizard (D:1)
  A kobold (D:1)
4 creatures vanquished.

Notes
Turn   | Place    | Note
-------+----------+-------------------------------------------
     0 | D:1      | mhoghedin the Kobold Wizard began the quest for the Orb.
     0 | D:1      | Reached XP level 1. HP: 10/10 MP: 4/4
   336 | D:1      | Slain by a kobold

Vault maps used:
D:1:      evilmike_arrival_crescent, minmay_rat_gold_closets

Action                   || total
-------------------------++-------
Melee: Dagger            ||    30
       Unarmed           ||     1
 Cast: Magic Dart        ||     5
  Eat: Chunk             ||     1
Armor: Scale mail        ||    11
       Robe              ||     1
Dodge: Dodged            ||    27

Table legend:
 A = Spawn XP
 B = Non-spawn XP
 C = Spawn XP percentage of total XP
 D = Spawn monster count
 E = Non-spawn monster count
 F = Spawn count percentage of total count
 G = Total turns spent on level
                    A         B        C        D         E        F      G
               +---------+---------+-------+---------+---------+-------+---------
         Total |       0 |       6 |   0.0 |       0 |       4 |   0.0 |   336
               +---------+---------+-------+---------+---------+-------+---------
           D:1 |       0 |       6 |   0.0 |       0 |       4 |   0.0 |   336
               +---------+---------+-------+---------+---------+-------+---------

Vault maps used:
D:1:      evilmike_arrival_crescent, minmay_rat_gold_closets

Table legend:
 A = Turns spent in this place as a percentage of turns spent in the entire game.
 B = Non-inter-level travel turns spent in this place as a percentage of non-inter-level travel turns spent in the entire game.
 C = Inter-level travel turns spent in this place as a percentage of turns spent in this place.
 D = Turns resting spent in this place as a percentage of non-inter-level travel turns spent in this place.
 E = Turns spent auto-exploring this place as a percentage of non-inter-level travel turns spent in this place.
 F = Non-inter-level travel turns spent in this place divided by the number of levels of this place that you've seen.
                   A       B       C       D       E      F
               +-------+-------+-------+-------+-------+----------------------
         Total | 100.0 | 100.0 |   0.0 |  62.5 |  13.7 | 336.0
       Dungeon | 100.0 | 100.0 |   0.0 |  62.5 |  13.7 | 336.0
               +-------+-------+-------+-------+-------+----------------------

Table legend:
 A = Kills in this place as a percentage of kills in entire the game.
 B = Kills by you in this place as a percentage of kills by you in the entire game.
 C = Kills by friends in this place as a percentage of kills by friends in the entire game.
 D = Other kills in this place as a percentage of other kills in the entire game.
 E = Experience gained in this place as a percentage of experience gained in the entire game.
 F = Experience gained in this place divided by the number of levels of this place that you have seen.
                   A       B       C       D       E      F
               +-------+-------+-------+-------+-------+----------------------
         Total | 100.0 | 100.0 |   N/A |   N/A | 100.0 |   6.0
       Dungeon | 100.0 | 100.0 |   N/A |   N/A | 100.0 |   6.0
               +-------+-------+-------+-------+-------+----------------------
